 Dungeon Crawl Stone Soup version 0.31-a0-210-gccc998df9b (webtiles) character file.

Game seed: 16247812492224146706

242 qw the Shooter (level 6, 0/36 HPs)
             Began as a Gargoyle Hexslinger on June 29, 2023.
             Slain by an orc priest
             ... wielding a +0 morningstar
              (3 damage)
             ... on level 3 of the Dungeon.
             The game lasted 00:01:22 (3164 turns).

qw the Shooter (Gargoyle Hexslinger)                Turns: 3164, Time: 00:01:22

Health: 0/36       AC: 10    Str: 12    XL:     6   Next: 9%
Magic:  7/7        EV: 15    Int: 13    God:
Gold:   242        SH:  0    Dex: 14    Spells: 6/7 levels left

rFire   . . .        Y - +1 sling
rCold   . . .        (no shield)
rNeg    + . .        a - +0 ring mail
rPois   inf          (no helmet)
rElec   +            (no cloak)
rCorr   .            b - +0 pair of gloves
SInv    .            (no boots)
Will    .....        (no amulet)
Stlth   +            i - +5 ring of evasion
HPRegen 0.26/turn    (no ring)
MPRegen 0.10/turn

%: no passive effects
@: no status effects
A: sickness immunity, AC +4, negative energy resistance 1, electricity
resistance, torment resistance 1, petrification resistance
a: no special abilities


You were on level 3 of the Dungeon.
You visited 1 branch of the dungeon, and saw 4 of its levels.

You collected 286 gold pieces.
You spent 44 gold pieces at shops.


Innate Abilities, Weirdness & Mutations

You are immune to sickness and miasma.
Your stone body is resilient. (AC +4)
You are immune to poison.
You resist negative energy. (rN+)
You are resistant to electric shocks. (rElec)
You are resistant to unholy torment.
You are immune to petrification.


   Skills:
 + Level 2.4 Fighting
 - Level 5.6 Ranged Weapons
 - Level 1.0 Armour
 - Level 1.5 Dodging
 - Level 1.0 Spellcasting
 - Level 2.6 Hexes


You had 6 spell levels left.
You knew the following spells:

 Your Spells              Type           Power      Damage    Failure   Level
a - Slow                  Hex            28%        N/A       22%         1

Your spell library contained the following spells:

 Spells                   Type           Power      Damage    Failure   Level
 Inner Flame              Hex/Fire       4%         N/A       73%         3
 Portal Projectile        Hex/Tloc       8%         N/A       73%         3
 Cause Fear               Hex            3%         N/A       91%         4

Inventory:

Hand Weapons
 Y - a +1 sling (weapon)
Armour
 a - a +0 ring mail (worn)
 b - a +0 pair of gloves (worn)
Jewellery
 i - a +5 ring of evasion (left hand)
Scrolls
 h - a scroll of identify
Potions
 d - a potion of might
 g - a potion of ambrosia {unknown}
 j - a potion of resistance {unknown}
 k - a potion of attraction {unknown}

Dungeon Overview and Level Annotations

Branches:
Dungeon (4/15)
 Temple: D:4-7

Altars:
Elyvilon
Hepliaklqana
Nemelex Xobeh
Vehumet
Xom

Shops:
D:1 =!:*

Annotations:
D:1 2 transporters, exclusion: endoplasm


Message History

The orc priest barely misses you.
You shoot a sling bullet.
The sling bullet hits the orc priest but does no damage.
The orc priest is lightly wounded.
The orc priest hits you but does no damage.
You shoot a sling bullet.
The sling bullet hits the orc priest but does no damage.
The orc priest is lightly wounded.
The orc priest misses you.
You shoot a sling bullet.
The sling bullet hits the orc priest but does no damage.
The orc priest is lightly wounded.
The orc priest misses you.
You shoot a sling bullet. The sling bullet hits the orc priest.
The orc priest is moderately wounded.
The orc priest closely misses you. The orc priest misses you.
You shoot a sling bullet. The sling bullet hits the orc priest.
The orc priest is heavily wounded.
The orc priest hits you with a +0 morningstar.
You shoot a sling bullet.
The sling bullet hits the orc priest but does no damage.
The orc priest is heavily wounded.
The orc priest invokes the aid of Beogh against you.
Pain shoots through your body!
You shoot a sling bullet. The sling bullet hits the orc priest.
The orc priest is severely wounded.
The orc priest closely misses you.
You shoot a sling bullet.
The sling bullet hits the orc priest but does no damage.
The orc priest is severely wounded.
The orc priest hits you but does no damage.
The orc priest closely misses you.
You shoot a sling bullet.
The sling bullet barely misses the orc priest.
The orc priest misses you.
You shoot a sling bullet.
The sling bullet hits the orc priest but does no damage.
The orc priest is severely wounded.
The orc priest hits you with a +0 morningstar.
You die...

#.# ##'## #.#
##...## #.####
##.....# #.##.##
##.......
#.....####........
###.......'........
#......####...>....
#..%....# ##.....%.
#.@...#.# ##.....#
#o.%....# ##...##
#.....### ##'##
###.### #.# #.#
####.### #.#
#....... #.#
#.....#. #.#
#.......
#.########.....#.


You could see an orc priest.

Vanquished Creatures
  A black bear (D:3)
  An iguana (D:3)
  A gnoll (D:1)
  4 adders
  A worm (D:2)
  3 dart slugs
  An orc (D:3)
  6 endoplasms
  3 giant cockroaches
  5 goblins
  2 hobgoblins (D:2)
  8 jackals
  5 quokkas
  6 ball pythons
  10 bats
  4 frilled lizards
  A kobold (D:2)
  7 rats
69 creatures vanquished.

Notes
Turn   | Place    | Note
-------+----------+-------------------------------------------
     0 | D:1      | qw the Gargoyle Hexslinger began the quest for the Orb.
     0 | D:1      | Reached XP level 1. HP: 12/12 MP: 2/2
     0 | D:1      | 0 ||| qw: Version: 0.3-a-24-g62f9e04
     0 | D:1      | 0 ||| qw: Game counter: 6678
     0 | D:1      | 0 ||| qw: Melee chars always use a shield: true
     0 | D:1      | 0 ||| qw: God list: Okawaru
     0 | D:1      | 0 ||| qw: Allow faded altars: false
     0 | D:1      | 0 ||| qw: Do Orc after clearing Dungeon:15 true
     0 | D:1      | 0 ||| qw: Do second Lair branch before Depths: true
     0 | D:1      | 0 ||| qw: Lair rune preference: random
     0 | D:1      | 0 ||| qw: Goals: Normal
     0 | D:1      | 0 ||| PLANNING D:1-11
     6 | D:1      | Found Myrui's Book Shoppe.
     9 | D:1      | Found Tuyhoykho's Distillery.
    21 | D:1      | 21 ||| SHOPLISTING 2 potions of curing (84 gold, have 15).
    21 | D:1      | 21 ||| SHOPLISTING potion of curing (42 gold, have 15).
    21 | D:1      | 21 ||| SHOPLISTING potion of haste (140 gold, have 15).
    21 | D:1      | 21 ||| SHOPLISTING potion of resistance (140 gold, have
                  | 15).
    26 | D:1      | Found a faded altar of an unknown god.
    49 | D:1      | Found Kixto's Jewellery Shoppe.
    51 | D:1      | 51 ||| DROPPING scroll of poison.
   264 | D:1      | Reached XP level 2. HP: 16/16 MP: 3/3
   361 | D:1      | Reached skill level 3 in Ranged Weapons
   382 | D:1      | 382 ||| DROPPING ring of wizardry.
   383 | D:1      | 383 ||| READING scroll labelled KUXID ZONAIWNO.
   432 | D:1      | Found Cuerehie's General Store.
   436 | D:1      | 436 ||| BUYING +0 ring mail (44 gold).
   436 | D:1      | Bought a +0 ring mail for 44 gold pieces
   436 | D:1      | 436 ||| SHOPLISTING potion of curing (33 gold, have 18).
   592 | D:1      | Reached XP level 3. HP: 15/21 MP: 4/4
  1028 | D:1      | 1028 ||| UPGRADING to +0 ring mail.
  1038 | D:1      | 1038 ||| DROPPING +0 robe.
  1182 | D:2      | Found a radiant altar of Vehumet.
  1344 | D:2      | Reached XP level 4. HP: 20/26 MP: 5/5
  1435 | D:2      | Reached skill level 4 in Ranged Weapons
  1512 | D:2      | Reached skill level 1 in Armour
  1980 | D:2      | 1980 ||| UPGRADING to +0 pair of gloves.
  1985 | D:2      | 1985 ||| UPGRADING to +5 ring of evasion.
  1986 | D:2      | 1986 ||| READING scroll labelled ILLOUL DUOCUEF.
  1987 | D:2      | 1987 ||| READING 2 scrolls labelled OHECIO MUERUQA.
  1988 | D:2      | 1988 ||| READING scroll labelled ULUTHU MOP.
  1989 | D:2      | 1989 ||| READING scroll labelled APTINT OKEDUA.
  1993 | D:2      | 1993 ||| READING scroll labelled SERRUT PYMNECK.
  1994 | D:2      | 1994 ||| DRINKING 2 lumpy cyan potions.
  2222 | D:3      | Reached XP level 5. HP: 17/30 MP: 6/6
  2319 | D:3      | Found a faded altar of an unknown god.
  2324 | D:3      | Found a hazy altar of Hepliaklqana.
  2531 | D:3      | Found a white marble altar of Elyvilon.
  2749 | D:3      | Found a sparkling altar of Nemelex Xobeh.
  2894 | D:3      | 2894 ||| READING scroll labelled RUITAO ONOHOCS.
  2895 | D:3      | 2895 ||| READING 3 scrolls of identify.
  2895 | D:3      | 2895 ||| IDENTIFYING sedimented brown potion
  2896 | D:3      | 2896 ||| READING 2 scrolls of identify.
  2896 | D:3      | 2896 ||| IDENTIFYING bubbling blue potion
  2897 | D:3      | 2897 ||| DROPPING potion of magic.
  2912 | D:4      | Noticed a black bear
  2913 | D:4      | 2913 ||| PLANNING OSSUARY
  2916 | D:4      | 2916 ||| STAIRDANCE
  2921 | D:3      | HP: 5/30 [black bear (5)]
  2922 | D:3      | 2922 ||| DRINKING potion of heal wounds.
  2927 | D:3      | HP: 6/30 [black bear (4)]
  2928 | D:3      | Killed a black bear
  2929 | D:3      | Reached skill level 5 in Ranged Weapons
  2929 | D:3      | Reached XP level 6. HP: 7/35 MP: 7/7
  3048 | D:4      | Found a shimmering altar of Xom.
  3051 | D:4      | 3051 ||| FLEEEEING.
  3052 | D:4      | 3052 ||| FLEEEEING.
  3053 | D:4      | 3053 ||| FLEEEEING.
  3054 | D:4      | 3054 ||| FLEEEEING.
  3055 | D:4      | 3055 ||| FLEEEEING.
  3057 | D:4      | 3057 ||| STAIRDANCE
  3094 | D:4      | 3094 ||| STAIRDANCE
  3144 | D:4      | 3144 ||| STAIRDANCE
  3153 | D:3      | HP: 8/36 [orc priest/nerve-wracking pain (4)]
  3159 | D:3      | HP: 4/36 [orc priest/+0 morningstar (6)]
  3164 | D:3      | Slain by an orc priest

Levels and vault maps discovered:
D:1:      spicycebolla_arrival_transporter_tutorial, layout_loops_ring,
          chequers_ecumenical_altar_island, serial_shops, shop, shop,
          nicolae_shop_statue_plus, nicolae_shop_back_alley_shop, minivault_4,
          chequers_big_river, reono_crystal_passage,
          chequers_serial_rivers_marsh
D:2:      layout_loops_cross, basic_altar, minmay_misc_feat_nine_boxes,
          minmay_increasing_density
D:3:      layout_loops_corners, nicolae_overflow_ecumenical_swirl,
          amcnicky_altar_gilded, nemelex_dance_club_becter, feat_on_display
D:4:      corexii_shantytown, layout_gridville, okawaru_gym_becter,
          mainiacjoe_overflow_cross_hatched, minmay_temple_entry_offerings,
          chequers_ossuary_entry_cave, minmay_misc_feat_x, uniq_natasha

Skill      XL: |  1  2  3  4  5 |
---------------+----------------+-----
Ranged Weapons | 3 4 5 |  5.6
Fighting       | 2 |  2.4
Armour         | 1 |  1.0
Dodging        | |  1.5
Spellcasting   | |  1.0
Hexes          | |  2.6

Action                     |  1- 3 |  4- 6 || total
---------------------------+-------+-------++-------
   Fire: Sling             |   134 |   196 ||   330
    Use: Scroll            |     1 |     8 ||     9
         Potion            |       |     2 ||     2
 Armour: Robe              |     6 |       ||     6
         Ring mail         |    26 |    98 ||   124
  Dodge: Dodged            |    45 |   188 ||   233

Table legend:
 A = Non-vault XP
 B = Vault XP
 C = Vault XP percentage of total XP
 D = Non-vault monster count
 E = Vault monster count
 F = Vault count percentage of total count
                 A         B        C        D         E       F
            +---------+---------+-------+---------+---------+-------
      Total |     303 |      43 |  12.4 |      59 |      10 |  14.5
            +---------+---------+-------+---------+---------+-------
        D:1 |      45 |       0 |   0.0 |      20 |       0 |   0.0
        D:2 |      57 |      38 |  40.0 |      23 |       8 |  25.8
        D:3 |     201 |       5 |   2.4 |      16 |       2 |  11.1
            +---------+---------+-------+---------+---------+-------
